 Dungeon Crawl Stone Soup version 0.28.0 (webtiles) character file.

Game seed: 1230157046560864888

122 Sanktem7 the Conjurer (level 5, -1/37 HPs)
             Began as a Gnoll Conjurer on Feb 8, 2022.
             Slain by an orc (8 damage)
             ... on level 3 of the Dungeon.
             The game lasted 00:04:34 (2553 turns).

Sanktem7 the Conjurer (Gnoll Conjurer)              Turns: 2553, Time: 00:04:34

Health: -1/37      AC:  2    Str:  6    XL:     5   Next: 6%
Magic:  7/12       EV: 13    Int: 19    God:
Gold:   72         SH:  0    Dex: 11    Spells: 13/14 levels left

rFire   . . .      SeeInvis .   f - +1 short sword (drain)
rCold   . . .      Faith    .   (no shield)
rNeg    . . .      Spirit   .   a - +0 robe
rPois   .          Reflect  .   l - +0 hat
rElec   .          Harm     .   (no cloak)
rCorr   .          Rampage  .   (no gloves)
Will    .....                   (no boots)
Stlth   ++........              (no amulet)
HPRegen 0.12/turn               (no ring)
MPRegen 0.13/turn               (no ring)

@: no status effects
A: fangs 1, strong nose, distributed training
a: no special abilities


You were on level 3 of the Dungeon.
You visited 1 branch of the dungeon, and saw 3 of its levels.

You collected 72 gold pieces.

Inventory:

Hand Weapons
 f - a +1 short sword of draining (weapon)
Armour
 a - a +0 robe (worn)
 l - a +0 hat (worn)
Jewellery
 h - a ring of fire
 k - an amulet of regeneration
Scrolls
 b - 2 scrolls of vulnerability {unknown}
 d - a scroll of fear {unknown}
 e - a scroll of noise {unknown}
 g - a scroll of identify {unknown}
 i - a scroll of torment {unknown}
 j - a scroll of blinking {unknown}
Potions
 c - a potion of ambrosia {unknown}
 m - a potion of magic {unknown}


   Skills:
 + Level 1.3 Fighting
 + Level 1.3 Short Blades
 + Level 1.3 Long Blades
 + Level 1.3 Axes
 + Level 1.3 Maces & Flails
 + Level 1.3 Polearms
 + Level 1.3 Staves
 + Level 1.3 Slings
 + Level 1.3 Bows
 + Level 1.3 Crossbows
 + Level 1.3 Throwing
 + Level 1.3 Armour
 + Level 4.7 Dodging
 + Level 4.3 Stealth
 + Level 1.3 Shields
 + Level 1.3 Unarmed Combat
 + Level 5.1 Spellcasting
 + Level 7.1 Conjurations
 + Level 1.1 Hexes
 + Level 1.1 Summonings
 + Level 1.1 Necromancy
 + Level 1.1 Translocations
 + Level 1.1 Transmutations
 + Level 1.1 Fire Magic
 + Level 1.1 Ice Magic
 + Level 1.1 Air Magic
 + Level 1.1 Earth Magic
 + Level 1.1 Poison Magic
 + Level 1.5 Invocations
 + Level 1.3 Evocations


You had 13 spell levels left.
You knew the following spells:

 Your Spells              Type           Power      Damage    Failure   Level
a - Magic Dart            Conj           100%       1d8       1%          1

Your spell library contained the following spells:

 Spells                   Type           Power      Damage    Failure   Level
 Searing Ray              Conj           64%        2d6       1%          2
 Dazzling Flash           Conj/Hex       40%        N/A       7%          3
 Fulminant Prism          Conj/Hex       10%        3d9       22%         4
 Iskenderun's Mystic Bla  Conj/Tloc      20%        2d6       22%         4


Dungeon Overview and Level Annotations

Branches:
Dungeon (3/15)

Altars:

Shops:
D:1 :


Innate Abilities, Weirdness & Mutations

You have very sharp teeth.
Your uncanny sense of smell can sniff out nearby items.
Your experience applies equally to all skills.


Message History

The magic dart hits the jackal.
You kill the jackal!
Casting: Magic Dart (safe; 1% risk of failure)
Confirm with . or Enter, or press ? or * to list all spells.
Aiming: Magic Dart (safe; 1% risk of failure)
Press: ? - help, Shift-Dir - straight line, f - orc
Aim: an orc, wielding a +0 club and wearing a +0 chain mail (100% to hit)
The magic dart hits the orc.
The orc is heavily wounded.
An orc priest comes into view. It is wielding a +0 club.
The orc barely misses you.
You barely miss the orc.
The orc is heavily wounded.
The orc misses you.
The orc priest shouts!
You hit the orc but do no damage.
The orc is heavily wounded.
The orc closely misses you.
You hit the orc but do no damage.
The orc is heavily wounded.
The orc closely misses you.
You barely miss the orc.
The orc is heavily wounded.
The orc priest calls down the wrath of Beogh upon you.
Beogh smites you! The orc hits you with a +0 club.
You barely miss the orc.
The orc is heavily wounded.
The orc hits you with a +0 club.
You closely miss the orc.
The orc is heavily wounded.
The orc barely misses you.
You hit the orc.
You kill the orc!
The orc priest looks satisfied for a moment.
The orc hits you with a +0 mace!
* * * LOW HITPOINT WARNING * * *
You hit the orc.
The orc is lightly wounded.
The orc hits you with a +0 mace!
You die...

.o#...## #.....#
#...# #.# #.# #o#
#o# #o# #@# #.#
#.#
#.############
#.#..........#
##......#####.#
##........# #.#
#.........# #.#
#######.........#
#.#


You could see an orc priest and 2 orcs.

Vanquished Creatures
  An orc priest (D:3)
  An iguana (D:2)
  2 adders (D:2)
  4 dart slugs (D:1)
  2 orcs (D:3)
  2 ball pythons
  4 endoplasms
  2 giant cockroaches (D:1)
  A hobgoblin (D:1)
  2 jackals (D:3)
  4 kobolds
  A quokka (D:1)
  3 bats (D:1)
  3 frilled lizards
  A goblin (D:1)
  8 rats
41 creatures vanquished.

Notes
Turn   | Place    | Note
-------+----------+-------------------------------------------
     0 | D:1      | Sanktem7 the Gnoll Conjurer began the quest for the Orb.
     0 | D:1      | Reached XP level 1. HP: 13/13 MP: 6/6
   129 | D:1      | Reached XP level 2. HP: 19/19 MP: 4/7
   353 | D:1      | Found Xuzoihon's Book Shop.
   508 | D:1      | Reached XP level 3. HP: 25/25 MP: 5/9
   577 | D:1      | Reached skill level 5 in Spellcasting
  1130 | D:1      | Found a faded altar of an unknown god.
  1368 | D:2      | Reached skill level 1 in Invocations
  1499 | D:2      | Reached skill level 1 in Fighting
  1499 | D:2      | Reached skill level 1 in Short Blades
  1499 | D:2      | Reached skill level 1 in Long Blades
  1499 | D:2      | Reached skill level 1 in Axes
  1499 | D:2      | Reached skill level 1 in Maces & Flails
  1499 | D:2      | Reached skill level 1 in Polearms
  1499 | D:2      | Reached skill level 1 in Staves
  1499 | D:2      | Reached skill level 1 in Slings
  1499 | D:2      | Reached skill level 1 in Bows
  1499 | D:2      | Reached skill level 1 in Crossbows
  1499 | D:2      | Reached skill level 1 in Throwing
  1499 | D:2      | Reached skill level 1 in Armour
  1499 | D:2      | Reached skill level 1 in Shields
  1499 | D:2      | Reached skill level 1 in Unarmed Combat
  1499 | D:2      | Reached skill level 1 in Evocations
  1499 | D:2      | Reached XP level 4. HP: 22/32 MP: 1/11
  2536 | D:3      | Reached skill level 1 in Hexes
  2536 | D:3      | Reached skill level 1 in Summonings
  2536 | D:3      | Reached skill level 1 in Necromancy
  2536 | D:3      | Reached skill level 1 in Translocations
  2536 | D:3      | Reached skill level 1 in Transmutations
  2536 | D:3      | Reached skill level 1 in Fire Magic
  2536 | D:3      | Reached skill level 1 in Ice Magic
  2536 | D:3      | Reached skill level 1 in Air Magic
  2536 | D:3      | Reached skill level 1 in Earth Magic
  2536 | D:3      | Reached skill level 1 in Poison Magic
  2544 | D:3      | Reached XP level 5. HP: 29/37 MP: 7/12
  2553 | D:3      | Slain by an orc

Illustrated notes

Levels and vault maps discovered:
D:1:      ncdulo_lavacross, layout_basic, dilly_ecumenical_altar_fadedgnrine,
          serial_shops, shop
D:2:      layout_basic
D:3:      lemuel_castle_with_subvaults [lemuel_castle_interior_original],
          layout_loops_corners

Skill      XL: |  1  2  3  4 |
---------------+-------------+-----
Spellcasting   | 5 |  5.1
Invocations    | 1 |  1.5
Fighting       | 1 |  1.3
Short Blades   | 1 |  1.3
Long Blades    | 1 |  1.3
Axes           | 1 |  1.3
Maces & Flails | 1 |  1.3
Polearms       | 1 |  1.3
Staves         | 1 |  1.3
Slings         | 1 |  1.3
Bows           | 1 |  1.3
Crossbows      | 1 |  1.3
Throwing       | 1 |  1.3
Armour         | 1 |  1.3
Shields        | 1 |  1.3
Unarmed Combat | 1 |  1.3
Evocations     | 1 |  1.3
Hexes          | 1 |  1.1
Summonings     | 1 |  1.1
Necromancy     | 1 |  1.1
Translocations | 1 |  1.1
Transmutations | 1 |  1.1
Fire Magic     | 1 |  1.1
Ice Magic      | 1 |  1.1
Air Magic      | 1 |  1.1
Earth Magic    | 1 |  1.1
Poison Magic   | 1 |  1.1
Dodging        | |  4.7
Stealth        | |  4.3
Conjurations   | |  7.1

Action                   |  1- 3 |  4- 6 || total
-------------------------+-------+-------++-------
Melee: Short sword       |     2 |    18 ||    20
       Bite              |       |     1 ||     1
 Cast: Magic Dart        |    63 |    24 ||    87
Armor: Robe              |       |     1 ||     1
Dodge: Dodged            |     5 |    12 ||    17
